Cogmind - Beta 15 *** ADVENTURER MODE // 2025.10.13 @ 18:10:23 Player: time Result: Destroyed by D-53 Grenadier with Mini Grenade Launcher Performance ------------- Evolutions (0) 0 Regions Visited (2) 400 Robots Destroyed (10) 50 Value Destroyed (190) 190 Prototype IDs (0) 0 Alien Tech Used (0) 0 Bonus (0) 0 TOTAL SCORE: 640 Bonus ------- None Cogmind --------- Core Integrity 0/250 Matter 216/300 Energy 75/100 System Corruption 0% Temperature Cool (93) Movement Core (100) Ox1 Location -10/Mines Parts ------- > --- POWER (1) -------- (None) > --- PROPULSION (2) --- (None) > --- UTILITY (2) ------ Small Storage Unit > --- WEAPON (2) ------- Light Assault Rifle > --- INVENTORY (8) ---- Light Ion Engine Aluminum Leg Aluminum Leg Peak State ------------ > --- POWER ------------ Light Ion Engine > --- PROPULSION ------- Aluminum Leg Aluminum Leg > --- UTILITY ---------- Small Storage Unit Seismic Detector > --- WEAPON ----------- EMP Blaster Mini Grenade Launcher > --- INVENTORY -------- Light Ion Engine Aluminum Leg Aluminum Leg Medium Laser Particle Gun Light Assault Rifle [Rating: 9] Favorites ----------- Power Light Ion Engine Engine Light Ion Engine Propulsion Aluminum Leg Leg Aluminum Leg Utility Small Storage Unit Device Seismic Detector Storage Small Storage Unit Weapon Medium Laser Energy Gun Medium Laser Ballistic Gun Light Assault Rifle Launcher Mini Grenade Launcher Build | -11 -10 -10 ------- Run | Yrd Mat Min Slots Evolved . | . . . Power . | . . . Propulsion . | . . . Utility . | . . . Weapon . | . . . Parts Attached 10 | 7 . 3 Power 1 | 1 . . Engine 1 | 1 . . Core . | . . . Reactor . | . . . Propulsion 2 | 2 . . Treads . | . . . Leg 2 | 2 . . Wheel . | . . . Hover . | . . . Flight . | . . . Utility 2 | 2 . . Device 1 | 1 . . Storage 1 | 1 . . Processor . | . . . Hackware . | . . . Protection . | . . . Artifact . | . . . Weapon 5 | 2 . 3 Energy Gun 2 | 1 . 1 Energy Cannon . | . . . Ballistic Gun 1 | 1 . . Ballistic Cannon . | . . . Launcher 2 | . . 2 Special Weapon . | . . . Impact Weapon . | . . . Slashing Weapon . | . . . Piercing Weapon . | . . . Special Melee Weapon . | . . . Unidentified Prototypes . | . . . Parts Lost 8 | . . 8 Power 1 | . . 1 Propulsion 2 | . . 2 Utility 1 | . . 1 Weapon 4 | . . 4 Highest Loss Streak 8 | . . 8 To Critical Strikes . | . . . Average Backups 4 | 2 5 5 Power . | . 1 1 Propulsion 1 | 1 1 2 Utility . | . . . Weapon 1 | . 2 2 Tool/Special . | . . . Unused Backups 7 | . 4 3 Power 1 | . . 1 Propulsion 4 | . 2 2 Utility . | . . . Weapon 1 | . 1 . Tool/Special 1 | . 1 . Average Slot Usage (%) 97 | . 99 85 Engine 13 | . 14 11 Leg 27 | . 28 23 Device 12 | . 13 9 Storage 14 | . 14 14 Energy Gun 13 | . 14 11 Ballistic Gun 12 | . 14 7 Launcher 1 | . . 7 Peak Build Rating 9 | 7 7 9 Average Rating 6 | 5 6 6 On Entrance 4 | . 7 7 Naked Turns . | . . . Heaviest Build 12 | 12 12 12 Greatest Support 20 | 20 20 20 Greatest Overweight (x) 1 | . 1 . Average Overweight (x) . | . . . Largest Inventory Capacity 8 | 8 8 8 Average Capacity 7 | 7 8 8 Most Carried 6 | 4 6 6 Average Carried 4 | 3 5 5 Final Capacity 8 | 8 8 8 Final Carried 6 | 4 6 3 Class Distribution -------------------- 100% | Mutant Dominant Class ---------------- Mutant | -10/Materials Mutant | -10/Mines Resources | -11 -10 -10 ----------- Run | Yrd Mat Min Matter Collected 314 | 279 33 2 Remotely . | . . . Salvage Created 278 | 102 91 85 Parts 14 | 5 3 6 Haulers Intercepted . | . . . Recyclers Shooed 1 | . . 1 Parts Field Recycled . | . . . Retrieved Matter . | . . . Parts Self-Destructed . | . . . Prevented . | . . . Kills | -11 -10 -10 ------- Run | Yrd Mat Min Combat Hostiles Destroyed 6 | . 2 4 Guns 4 | . 1 3 AOE 1 | . . 1 Classes Destroyed 5 | 2 1 2 Tunneler 2 | 2 . . Recycler 2 | 1 . 1 Swarmer 3 | . . 3 Grunt 2 | . 2 . Demolisher 1 | . . 1 Best Kill Streak 3 | 2 1 3 Combat Bots Only 3 | . 1 3 Max Kills in Single Turn 2 | 1 1 2 Gunslinging 1 | . . 1 Exploded 1 | . . 1 Melee . | . . . Uniques/NPCs Destroyed . | . . . Combat | -11 -10 -10 -------- Run | Yrd Mat Min Hostile Shots Fired 39 | . 12 27 Missed 8 | . 4 4 Hits 31 | . 8 23 Projectile 31 | . 8 23 AOE 23 | . . 23 Damage Taken 771 | . 73 698 Core 262 | . 27 235 Absorbed by Shields . | . . . Ignored by Resistances 216 | . 24 192 Core Remaining (%) 100 | 100 . . Volleys Fired 31 | 9 13 9 Largest 2 | 2 2 2 Hottest 95 | 70 70 95 Shots Fired 62 | 18 26 18 Gun 54 | 18 26 10 Cannon . | . . . Launcher 8 | . . 8 Special . | . . . Kinetic 24 | 9 13 2 Thermal 30 | 9 13 8 Explosive 7 | . . 7 Electromagnetic 1 | . . 1 Robot Hit Streak 20 | 14 20 11 Robot Miss Streak 2 | 1 1 2 Penetration Max . | . . . Secondary Targets 2 | . . 2 Max Gunslinging Chain 1 | . . 1 Shots Hit Robots 52 | 15 23 14 Core Hits 28 | 4 6 18 Critical Kills . | . . . Critical Parts Destroyed . | . . . Critical Strikes 2 | 1 1 . Burn 2 | 1 1 . Melee Attacks . | . . . Impact . | . . . Slashing . | . . . Piercing . | . . . Sneak Attacks . | . . . Combat Hostiles . | . . . Follow-up Attacks . | . . . Damage Inflicted 667 | 162 237 268 Guns 501 | 162 237 102 Cannons . | . . . Explosions 166 | . . 166 Melee . | . . . Ramming . | . . . Kinetic 146 | 48 88 10 Thermal 355 | 114 149 92 Explosive 145 | . . 145 Electromagnetic 21 | . . 21 Impact . | . . . Slashing . | . . . Piercing . | . . . Highest Corruption . | . . . Average Corruption . | . . . Corruption Purged . | . . . Corruption Blocked . | . . . Overload Shots . | . . . Overflow Damage 3 | . . 3 Projectiles . | . . . Explosions 3 | . . 3 Melee . | . . . Knockbacks . | . . . Impact . | . . . Kinetic . | . . . Secondary . | . . . Self-Inflicted Damage 21 | . . 21 Shots 1 | . . 1 Rammed . | . . . Targets Rammed . | . . . Kicked . | . . . Crushed . | . . . Highest Temperature 152 | 80 152 112 Average Temperature 47 | 29 55 54 Received Heat Transfer 51 | . 51 . Siege Activations . | . . . Martial Activations . | . . . Shielding Activations . | . . . Robots Disrupted . | . . . Combat Hostiles . | . . . Robots Corrupted . | . . . Combat Hostiles . | . . . Parts Fried . | . . . Impact Corruptions . | . . . Robots Melted 1 | . 1 . Combat Hostiles 1 | . 1 . Parts Melted 1 | . 1 . Heat Transferred 1147 | 407 518 222 Parts Sabotaged . | . . . Parts Stolen . | . . . Parts Stripped . | . . . Power Chain Reactions . | . . . Alert | -11 -10 -10 ------- Run | Yrd Mat Min Maximum Alert Level . | . . . Low Security (%) 100 | 100 100 100 Level 1 . | . . . Level 2 . | . . . Level 3 . | . . . Level 4 . | . . . Level 5 . | . . . High Security . | . . . Max Security . | . . . Peak Influence 70 | 10 30 70 Initial . | . . . Average 9 | 1 6 48 Influence Increases 169 | 15 50 104 Destroy 0b10 Robot/C 120 | . 40 80 Destroy 0b10 Robot/NC 20 | 15 . 5 Destroy Leader 20 | . 10 10 Destroy Structure 9 | . . 9 Influence Decreases 165 | 15 50 100 Time Decay 85 | 15 50 20 Lost Part 80 | . . 80 Squads Dispatched . | . . . Investigation . | . . . Extermination . | . . . Reinforcement . | . . . Assault . | . . . Garrison . | . . . Intercept . | . . . Searches Triggered . | . . . Construction Impeded . | . . . Haulers Reinforced . | . . . Active Scanning Responses . | . . . Cargo Convoy Interrupts . | . . . Stealth | -11 -10 -10 --------- Run | Yrd Mat Min Distress Signals 1 | . 1 . Communications Jammed . | . . . Distress Signals . | . . . Times Spotted 7 | . 3 4 Peak Tracking Total 3 | . 3 2 Tactical Retreats . | . . . Traps | -11 -10 -10 ------- Run | Yrd Mat Min Traps Triggered 1 | . 1 . Indirectly . | . . . Trap Hack Attempts . | . . . Triggered . | . . . Disarmed . | . . . Reprogrammed . | . . . Reused . | . . . Traps Extracted . | . . . Installed . | . . . Triggered . | . . . Machines | -11 -10 -10 ---------- Run | Yrd Mat Min Machines Disabled . | . . . Max in Single Turn . | . . . Machines Repaired . | . . . Machines Dismantled . | . . . Machines Sabotaged . | . . . Overloaded Fab Kills . | . . . Hacking | -11 -10 -10 --------- Run | Yrd Mat Min Machines Accessed 1 | . 1 . Terminals 1 | . 1 . Fabricators . | . . . Repair Stations . | . . . Recycling Units . | . . . Scanalyzers . | . . . Garrison Access . | . . . Total Hacks 5 | . 5 . Successful 4 | . 4 . Failed 1 | . 1 . Catastrophic . | . . . Database Lockouts . | . . . Manual . | . . . Terminals 5 | . 5 . Fabricators . | . . . Repair Stations . | . . . Recycling Units . | . . . Scanalyzers . | . . . Garrison Access . | . . . Terminal Hacks 4 | . 4 . Record 3 | . 3 . Dispatch Records 1 | . 1 . Fabricator Hacks . | . . . Repair Station Hacks . | . . . Recycling Unit Hacks . | . . . Scanalyzer . | . . . Garrison Access Hacks . | . . . Unauthorized Hacks . | . . . Terminals . | . . . Fabricators . | . . . Repair Stations . | . . . Recycling Units . | . . . Scanalyzers . | . . . Garrison Access . | . . . Data Cores Recovered . | . . . Used . | . . . Hacking Detections 1 | . 1 . Full Trace Events . | . . . Feedback Events . | . . . Feedback Blocked . | . . . Robot Schematics Acquired . | . . . Robots Built . | . . . Authchips . | . . . Time . | . . . Total Robot Build Rating . | . . . Part Schematics Acquired . | . . . Parts Built . | . . . Authchips . | . . . Time . | . . . Total Part Build Rating . | . . . Parts Repaired . | . . . Time . | . . . Parts Recycled . | . . . Recycled Matter . | . . . Retrieved Matter . | . . . Retrieved Components . | . . . Parts Scanalyzed . | . . . Part Schematics Acquired . | . . . Parts Damaged . | . . . Bothacking | -11 -10 -10 ------------ Run | Yrd Mat Min Used RIF Installer . | . . . Robots Hacked . | . . . Non-combat . | . . . Combat . | . . . Robot Hacks Applied . | . . . Relay Couplers Released . | . . . Fabnet Peak Effective % . | . . . Robots Rewired . | . . . Allies Hacked . | . . . Hacks Repelled . | . . . Allies | -11 -10 -10 -------- Run | Yrd Mat Min Total Allies . | . . . Largest Group . | . . . Highest-Rated Group . | . . . Highest-Rated Ally . | . . . Total Orders . | . . . Ally Attacks . | . . . Total Damage . | . . . Kills . | . . . Allies Corrupted . | . . . Allies Melted . | . . . Intel | -11 -10 -10 ------- Run | Yrd Mat Min Active Infowar (turns) 367 | 22 319 26 Seismic 367 | 22 319 26 Robot Analysis Total . | . . . Derelict Logs Recovered . | . . . Drone Launches . | . . . Drone Recoveries . | . . . Exploration | -11 -10 -10 ------------- Run | Yrd Mat Min Turns Passed 491 | 118 325 48 Spaces Moved 310 | 67 230 13 Core 2 | 2 . . Treads . | . . . Legs 308 | 65 230 13 Wheels . | . . . Hover . | . . . Flight . | . . . Fastest Speed 50 | 50 120 120 Average Speed 119 | 117 120 120 Slowest Speed 190 | 120 190 120 Overloaded Moves . | . . . Propulsion Burnouts . | . . . Robots Hopped . | . . . Potential Cave-ins . | . . . Cave-ins Triggered . | . . . Exploration Rate (%) 18 | 4 38 12 Regions Visited 2 Branch Regions 1 Pre-discovered Areas . | . . . Known Exits Taken . | . . . Unknown Exits Taken 2 | 1 1 . Scrap Searched . | . . . Spaces Dug . | . . . Terrain Destroyed 10 | . . 10 Melee . | . . . Projectile . | . . . AOE 10 | . . 10 Terrain Rammed . | . . . Walls Destroyed . | . . . Machines Disabled . | . . . Actions | -11 -10 -10 --------- Run | Yrd Mat Min Total 369 | 86 256 27 Wait 2 | . 2 . Move 308 | 66 229 13 Hop . | . . . Pick Up 10 | 4 6 . Fast Attach 9 | 7 2 . Attach 3 | . . 3 Detach . | . . . Swap 2 | . . 2 Drop 4 | . 4 . Fire 31 | 9 13 9 Melee . | . . . Ram . | . . . Kick . | . . . Crush . | . . . Escape Stasis . | . . . Rewire . | . . . Trap . | . . . Miscellaneous . | . . . Route ------- -11/Scrapyard -10/Materials -10/Mines History --------- Turn | Location | Event 14 | -11/Scrapyard | Discovered new exit (range 16) 119 | -11/Scrapyard | Entered Materials 309 | -10/Materials | Build established: Mutant 341 | -10/Materials | Discovered new exit (range 16) 444 | -10/Materials | Entered Mines 445 | -10/Mines | Assembled infested the area 479 | -10/Mines | Core integrity fell below 50% 489 | -10/Mines | Core integrity fell below 20% 492 | -10/Mines | Destroyed by D-53 Grenadier with Mini Grenade Launcher Last Messages --------------- Seismic Detector destroyed. EMP Blaster destroyed. The unstable cave ceiling collapses. R-06 Scavenger destroyed. The unstable cave ceiling collapses. K-01 Serf collects debris. Lgt. Ion Engine destroyed. Aluminum Leg destroyed. The unstable cave ceiling collapses. Particle Gun destroyed. Aluminum Leg destroyed. K-01 Serf collects debris. The unstable cave ceiling collapses. D-53 Grenadier misfires. D-53 Grenadier destroyed. Mni. Grenade Launcher destroyed. Destroyed Mni. Grenade Launcher. The unstable cave ceiling collapses. K-01 Serf collects debris. Med. Laser destroyed. Map ----- +----------------------------------------------------+ | ?????????????????????????????????????????????????? | | ?????????????????????????????????????????????????? | | ?????????????????????????????????????????????????? | | ?????????????????????????????????????????????????? | | ?????????????????????????????????????????????????? | | ?????????????????????????????????????????????????? | | ?????????????????????????????????????????????????? | | ?????????????????????????????????????????????????? | | ?????????????????????????????????????????????????? | | ?????????????????????????????????????????????????? | | ?????????????????????????????????????????????????? | | ???????????????????????????? ???????????????????? | | ???????????????????????????# ????????????????? | | ??????????????????????????# ????????????????? | | ?????????????????????????? ###??????????????? | | ?????????????????????????? #??#????????????? | | ?????????????????????????? k #? ???????????? | | ?????????????????????????? # ???????????? | | ?????????????????????##### % ??????????? | | ????????????????????? ??????????? | | ?????????????????????? ! ??????????? | | ???????????????????#### #??????????? | | ??????????????????## d #????????????? | | ??????????????????# #?????????????? | | ??????????????????# #??????????????? | | ??????????????????# @ #??????????????????? | | ??????????????????## #??????????????????? | | ???????????????????## #??????????????????? | | ????????????????????# # ####???????????????? | | ????????????????????# ##??????????????? | | ????????????????????## # #### #?????????? | | ?????????????????????## #?????????? | | ?????????????????????# ######?????????? | | ????????????????????## ##??????????????? | | ????????????????????# % %* ##???????????????? | | ????????????????????# ?????????? | | ????????????????????## %= ###########?????????? | | ?????????????????????## [ ##???????????????????? | | ??????????????????????## #????????????????????? | | ???????????????????????## ##????????????????????? | | ????????????????????????####?????????????????????? | | ?????????????????????????????????????????????????? | | ?????????????????????????????????????????????????? | | ?????????????????????????????????????????????????? | | ?????????????????????????????????????????????????? | | | | | | | | | | | +----------------------------------------------------+ Best States ------------- Heat Dissipation 25 Energy Generation 10 Energy Capacity 125 Matter Stores 300 Matter Capacity 300 Sight Range 16 Terrain Scan Density 10 Resistance: KI 20 Resistance: TH 20 Resistance: EX 20 Resistance: EM 20 Resistance: I 20 Resistance: S 20 Resistance: P 20 Evasion (%) 55 Offensive Hacking 10 Item Schematics ----------------- None Robot Schematics ------------------ None Fabricated ------------ Nothing Repaired ---------- Nothing Alien Tech Used ----------------- None Achievements -------------- None Challenges ------------ None Game ------ Seed SubatomicCatalystBlaster Manual? 0 Play Time 00:06:08 Cumulative 7.6 hours Start 2025.10.13 @ 18:05:25 End 2025.10.13 @ 18:10:23 Sessions 1 Manual Loads 0 Difficulty Adventurer Special Mode None Game No. 17 Rogue 8 Adventurer 9 Explorer 0 Win Type - Total 0 Types 0/0/0/0/0/0/0/0/0/0 Lore% 2 Gallery% 20 Achievement% 14 Wizard Run 0 Options --------- Layout 1 ASCII 0 Keyboard 1 Movement Numpad Keybinds 0 Fullscreen 1 Font 24/Smallcaps Map View 50x35 Zoom Use 0% Tactical HUD 0 Map Filters NONE Filters NONE Steam 1 RUN: a313441c-b31c-4183-801c-97f63e0ec04f